 Dungeon Crawl Stone Soup version 0.25.1-2-g60ff931df9 (webtiles) character file.

Game seed: 5229771555460912599

181200 growler the Impaler (level 17, -8/134 HPs)
             Began as a Black Draconian Ice Elementalist on Sept 28, 2020.
             Was the Champion of Hepliaklqana.
             Mangled by a kraken (45 damage)
             ... on level 3 of the Shoals on Sept 30, 2020.
             The game lasted 02:54:14 (55538 turns).

growler the Impaler (DrIE)                         Turns: 55538, Time: 02:54:14

Health: -8/134     AC: 12    Str: 13    XL:     17   Next: 67%
Magic:  31/36      EV: 18    Int: 24    God:    Hepliaklqana [******]
Gold:   253        SH:  5    Dex: 11    Spells: 4/30 levels left

rFire    . . .     SeeInvis .   a - +12 glaive of Prune {vorpal}
rCold    . . .     Gourm    .   (shield currently unavailable)
rNeg     . . .     Faith    .   (armour unavailable)
rPois    .         Spirit   .   i - +2 hat {Int+3}
rElec    +         Reflect  +   R - scarf {+Inv}
rCorr    .         Harm     .   (no gloves)
MR       ++...                  U - +0 pair of boots
Stlth    ++........             A - amulet of reflection
HPRegen  0.32/turn              s - ring of magical power
MPRegen  0.25/turn              l - ring of protection from magic

@: flying
A: breathe lightning, unfitting armour, reduced essence, big wings, electricity
resistance, cold-blooded, AC +9
a: Breathe Lightning, Stop Flying, Recall Ancestor, Ancestor Identity,
Transference, Idealise, Renounce Religion, Evoke Invisibility


You were on level 3 of the Shoals.
You worshipped Hepliaklqana.
Hepliaklqana was exalted by your worship.
You were hungry.

You visited 6 branches of the dungeon, and saw 30 of its levels.

You collected 3327 gold pieces.
You spent 3074 gold pieces at shops.

Inventory:

Hand Weapons
 a - the +12 glaive of Prune (weapon) {vorpal}
   (You bought it in a shop on level 9 of the Dungeon)

   It inflicts extra damage upon your enemies.
Missiles
 Q - 7 throwing nets (quivered) {!f}
Armour
 i - a +2 hat of intelligence (worn)
   (You took it off Gastronok on level 1 of the Lair of Beasts)
 R - a scarf of invisibility (worn)
   (You found it on level 6 of the Lair of Beasts)
 U - a +0 pair of boots (worn)
   (You found it on level 3 of the Lair of Beasts)
 V - the +0 buckler of Fiupoyso {-Tele rN+++ rCorr Stlth+}
   (You bought it in a shop on level 2 of the Orcish Mines)

   It renders you almost immune to negative energy.
   It prevents most forms of teleportation.
   It provides partial protection from all sources of acid and corrosion.
   It makes you more stealthy.
 W - the cursed +0 pair of boots of Kiqupt Ello {-Cast rElec SInv Stlth-, unknown}
   (You found it on level 3 of the Shoals)

   It insulates you from electricity.
   It lets you see invisible.
   It prevents spellcasting.
   It makes you less stealthy.
   It has a curse placed upon it.
 Y - a +2 cloak
   (You took it off Crazy Yiuf on level 4 of the Dungeon)
Magical Staves
 b - an uncursed staff of air
   (You found it on level 3 of the Lair of Beasts)
 H - an uncursed staff of wizardry {!a}
   (You found it on level 6 of the Dungeon)
Jewellery
 l - a ring of protection from magic (right hand)
   (You found it on level 10 of the Dungeon)
 o - an uncursed ring of protection from cold
   (You took it off a centaur warrior on level 14 of the Dungeon)
 s - a ring of magical power (left hand)
   (You found it on level 13 of the Dungeon)
 z - an uncursed ring of see invisible
   (You found it on level 14 of the Dungeon)
 A - an amulet of reflection (around neck)
   (You found it on level 4 of the Dungeon)
Wands
 d - a wand of iceblast (46)
   (You found it on level 7 of the Dungeon)
 t - a wand of flame (25)
   (You found it on level 7 of the Dungeon)
 u - a wand of paralysis (10)
   (You found it on level 1 of the Lair of Beasts)
 v - a wand of digging (3)
   (You took it off an orc wizard on level 8 of the Dungeon)
 x - a wand of acid (13)
   (You found it on level 7 of the Dungeon)
 D - a wand of enslavement (10)
   (You found it on level 9 of the Dungeon)
 K - a wand of clouds (5)
   (You found it on level 6 of the Lair of Beasts)
Scrolls
 h - 7 scrolls of remove curse {@r2}
 k - a scroll of vulnerability {unknown}
 m - 5 scrolls of fog
 n - 4 scrolls of fear
 p - 10 scrolls of teleportation {@r4}
 w - 4 scrolls of enchant armour
 y - a scroll of immolation {!r}
 C - 5 scrolls of amnesia
 F - 8 scrolls of magic mapping
 G - 4 scrolls of enchant weapon
 J - 2 scrolls of blinking
 M - a scroll of torment {unknown}
 N - 3 scrolls of identify {@r1}
 O - a scroll of random uselessness {unknown}
Potions
 c - 12 potions of curing {@q1}
 f - 5 potions of resistance
 g - 3 potions of ambrosia
 j - 5 potions of magic
 r - 4 potions of heal wounds {@q2}
 B - 6 potions of mutation {unknown}
 E - 2 potions of stabbing
 I - 3 potions of cancellation
 L - 4 potions of might
 P - 8 potions of lignification {!q}
 S - 7 potions of brilliance
 T - 5 potions of haste {@q3}
 X - 4 potions of berserk rage
Miscellaneous
 q - a phantom mirror
Comestibles
 e - 34 rations {!d}


   Skills:
 - Level 13.0 Fighting
 + Level 16.3 Polearms
 - Level 12.0 Dodging
 - Level 1.7 Stealth
 - Level 7.0 Spellcasting
 - Level 10.0 Conjurations
 - Level 10.0 Ice Magic
 + Level 14.4 Air Magic
 - Level 9.0 Invocations
 - Level 7.0 Evocations


You had 4 spell levels left.
You knew the following spells:

 Your Spells              Type           Power        Failure   Level  Hunger
a - Freeze                Ice            ####         1%          1    None
b - Frozen Ramparts       Ice            ######       1%          3    None
c - Ozocubu's Armour      Chrm/Ice       ####....     2%          3    None
d - Summon Ice Beast      Ice/Summ       ####....     9%          4    ###....
e - Airstrike             Air            ######....   1%          4    ###....
f - Mephitic Cloud        Conj/Pois/Air  #####...     1%          3    None
g - Blink                 Tloc           N/A          11%         2    None
h - Freezing Cloud        Conj/Ice/Air   ######....   10%         6    ######.

Your spell library contained the following spells:

 Spells                   Type           Power        Failure   Level  Hunger
 Magic Dart               Conj           ####         1%          1    None
 Shock                    Conj/Air       ####         1%          1    None
 Poisonous Vapours        Pois/Air       #####.       1%          2    None
 Searing Ray              Conj           ######       1%          2    None
 Swiftness                Chrm/Air       #####...     1%          2    None
 Static Discharge         Conj/Air       ######..     1%          3    None
 Hailstorm                Conj/Ice       ######..     1%          4    ###....
 Conjure Flame            Conj/Fire      ####....     2%          3    None
 Dazzling Flash           Conj/Hex       ####..       2%          3    None
 Summon Lightning Spire   Summ/Air       #####...     3%          4    ###....
 Summon Small Mammal      Summ           #...         7%          1    None
 Fulminant Prism          Conj/Hex       ####......   9%          4    ###....
 Iskenderun's Mystic Bla  Conj/Tloc      ####....     9%          4    ###....
 Call Imp                 Summ           #.......     11%         2    None
 Slow                     Hex            #.......     11%         2    None
 Call Canine Familiar     Summ           #.......     22%         3    None
 Gell's Gravitas          Tloc           #.........   22%         3    None
 Portal Projectile        Hex/Tloc       #.....       22%         3    None
 Summon Guardian Golem    Hex/Summ       #.......     22%         3    None
 Lightning Bolt           Conj/Air       ######....   1%          5    #####..
 Dispersal                Tloc           #.........   100%        6    ######.
 Ring of Flames           Chrm/Fire      #.........   100%        7    #######
 Controlled Blink         Tloc           N/A          100%        8    #######
 Disjunction              Tloc           #.........   100%        8    #######


Dungeon Overview and Level Annotations

Branches:
Dungeon (15/15)            Temple (1/1) D:6            Lair (6/6) D:10
 Shoals (3/4) Lair:2       Spider (3/4) Lair:4        Slime (0/5) Lair:5
    Orc (2/2) D:10            Elf (0/3) Orc:2        Vaults (0/5) D:14
 Depths (0/5) D:15

Altars:
Ashenzari
Cheibriados
Dithmenos
Elyvilon
Fedhas
Gozag
Hepliaklqana
Kikubaaqudgha
Makhleb
Nemelex Xobeh
Okawaru
Qazlal
Ru
Sif Muna
Trog
Uskayaw
Vehumet
Wu Jian
Xom
Yredelemnul
Zin
The Shining One
Beogh

Shops:
D:5 }   D:9 (   D:12 *   Orc:2 ?[(=[

Portals:
Hell: Lair:6

Annotations:
D:3 2 runed translucent doors, johnstein's ghost, amateur DsAK
D:5 3 runed translucent doors, reptisaurus's ghost, novice DsSk
D:10 1 runed translucent door, Inchmeat's ghost, novice HOGl
Lair:3 exclusion: 2 oklob plants


Innate Abilities, Weirdness & Mutations

You can breathe wild blasts of lightning.
Your glossy black scales are hard. (AC +9)
You cannot fit into any form of body armour.
Your large and strong wings let you fly indefinitely.
You are resistant to electric shocks. (rElec)
You are cold-blooded and may be slowed by cold attacks.
Your life essence is reduced to manifest your ancestor. (-10% HP)


Message History

The air twists around and violently strikes the harpy!!
Aim: a harpy (water, severely wounded)
You feel a surge of power!
The air twists around and violently strikes the harpy!!
You kill the harpy!
All of the chunks of flesh in your inventory have rotted away.
You swap places.
Found a ration.
e - 34 rations {!d} (gained 1)
You are feeling hungry.
A kraken comes into view.
You feel a surge of power!
The kraken is engulfed in freezing vapours.
The kraken seems to slow down.
The kraken seems to slow down.
The kraken is engulfed in freezing vapours.
You block the kraken's attack.
You feel pruney.
a - the +12 glaive of Prune (weapon)
{vorpal} The kraken is engulfed in freezing vapours.
The kraken seems to slow down.
Tentacles burst out of the water! 4 tentacles come into view.
You hit the kraken but do no damage.
You tail-slap the kraken, but do no damage.
The tentacle is engulfed in freezing vapours.
The tentacle slaps you!!
The tentacle is engulfed in freezing vapours.
The tentacle slaps you!
The tentacle is engulfed in freezing vapours.
The tentacle slaps you!
Chakide hits the kraken but does no damage.
You slash the kraken!
The tentacle is engulfed in freezing vapours.
The tentacle completely misses you.
The tentacle is engulfed in freezing vapours. x2
The tentacle barely misses you. The tentacle slaps you!
The kraken closely misses you.
Chakide gestures at the kraken while chanting.
The kraken resists with almost no effort.
The tentacle is engulfed in freezing vapours.
The tentacle slaps you.
The tentacle is engulfed in freezing vapours.
The tentacle misses you. The tentacle slaps you!!
* * * LOW HITPOINT WARNING * * *
You hit the kraken.
The tentacle is engulfed in freezing vapours.
The tentacle closely misses you. The tentacle slaps you!!
* * * LOW HITPOINT WARNING * * *
The kraken bites you!!!
You die...

≈≈≈≈≈≈≈≈≈≈≈≈≈≈≈≈≈≈≈≈≈≈≈≈≈≈≈≈≈≈≈≈≈
≈≈≈≈≈≈≈≈≈≈≈≈≈≈≈≈≈≈≈≈≈≈≈≈≈≈≈≈≈≈≈≈≈
≈≈≈≈≈≈≈≈≈≈≈≈≈≈≈≈≈≈≈≈≈≈≈≈≈≈≈≈≈≈≈≈≈
≈≈≈≈≈≈≈≈≈≈≈≈≈≈≈≈≈≈≈≈≈≈≈≈≈≈≈≈≈≈≈≈≈
≈≈≈≈≈≈≈≈≈≈≈≈≈≈≈≈≈≈≈≈≈≈≈≈≈≈≈≈≈≈≈≈≈
≈≈≈≈≈≈≈≈≈≈≈≈≈≈≈≈≈≈≈≈≈≈≈≈≈≈≈≈≈≈≈≈≈
≈≈≈≈≈≈≈≈≈≈≈≈≈≈≈≈≈§§○≈≈≈≈≈≈≈≈≈≈≈≈≈
≈≈≈≈≈≈≈≈≈≈≈≈≈≈≈≈ww§§≈≈≈≈≈≈≈≈≈≈≈≈≈
≈≈≈≈≈≈≈≈≈≈≈≈≈≈≈≈@X§§≈≈≈≈≈≈≈≈≈≈≈≈≈
≈≈≈≈≈≈≈≈≈≈≈≈≈≈≈≈Rw≈≈≈≈≈≈≈≈≈≈≈≈≈≈≈
≈≈≈≈≈≈≈≈≈≈≈≈≈≈≈≈≈w≈≈≈≈≈≈≈≈≈≈≈≈≈≈≈
≈≈≈≈≈≈≈≈≈≈≈≈≈≈≈≈≈≈≈≈≈≈≈≈
########################


You could see the friendly Chakide the hexer, a kraken (slow) and 4 tentacles.

Vanquished Creatures
  Arachne (Spider:2)
  Jorgrun (D:14)
  Rupert (D:15)
  A kraken (Shoals:3)
  Gastronok (Lair:1)
  2 ghost moths (Spider:3)
  Aizul (Shoals:1)
  5 entropy weavers
  2 dire elephants (Lair:6)
  Azrael (D:13)
  A spark wasp (Spider:2)
  A merfolk javelineer (Shoals:2)
  3 merfolk impalers
  Harold (Lair:1)
  8 hydras
  2 merfolk avatars
  2 centaur warriors
  3 merfolk aquamancers
  A satyr (Shoals:2)
  3 two-headed ogres
  2 death knights
  6 death yaks
  An anaconda (Lair:6)
  2 tengu warriors (D:15)
  Urug (Lair:3)
  6 orc high priests
  Nergalle (Lair:3)
  A skeletal warrior (D:12)
  A sixfirhy (Lair:6)
  5 unseen horrors
  A deep troll (D:14)
  4 sea snakes
  A lindwurm (shapeshifter) (D:13)
  2 wizards
  13 harpies
  A wolf spider zombie (D:14)
  15 wolf spiders
  7 orc knights
  A phantasmal warrior (D:12)
  A necromancer (D:14)
  7 ugly things
  2 deep elf magi (D:15)
  2 orc sorcerers
  7 fauns
  8 cyclopes
  13 orb spiders
  9 manticores
  3 moths of wrath
  3 black mambas
  6 merfolk sirens
  A centaur zombie (D:12)
  Maurice (D:12)
  17 elephants
  A gargoyle (D:11)
  An orange demon (Lair:6)
  4 torpor snails
  9 spiny frogs
  4 rime drakes
  3 ice devils (Lair:6)
  13 demonic crawlers
  An efreet (D:14)
  A freezing wraith (D:12)
  20 merfolk
  8 komodo dragons
  A red devil (Lair:6)
  21 jumping spiders
  13 trolls
  5 wind drakes
  4 snapping turtles
  5 hornets
  5 slime creatures (D:14)
  14 blink frogs
  8 dream sheep
  6 hippogriffs
  A hippogriff (shapeshifter) (D:14)
  A meliai zombie (D:13)
  26 redbacks
  3 shadows
  15 tarantellas
  28 yaks
  12 water elementals
  3 basilisks
  5 wraiths
  3 wyverns
  A human (D:7)
  2 steam dragons
  A hungry ghost (D:7)
  Grum (Lair:1)
  3 fire elementals (D:13)
  7 hogs
  9 vampire mosquitoes
  2 wargs
  14 water moccasins
  3 porcupines
  6 hell hounds
  A hexer (Spider:3)
  4 ice beasts
  3 sky beasts
  32 orc warriors
  2 black bears
  2 eyes of draining
  7 wolves
  15 centaurs
  15 ogres
  14 crocodiles
  2 big kobolds
  10 bullfrogs
  A wyvern zombie (D:14)
  7 scorpions
  A wyvern skeleton (D:14)
  8 killer bees
  An electric eel (D:7)
  2 howler monkeys
  7 jellies
  4 crimson imps
  Crazy Yiuf (D:4)
  A gnoll shaman (Orc:2)
  33 orc priests
  11 hounds
  20 orc wizards
  A bullfrog skeleton (D:6)
  6 centaur skeletons
  4 iguanas
  5 hell rats (Lair:6)
  Natasha (twice) (D:4)
  10 worker ants
  2 hound zombies
  A hound skeleton (D:5)
  11 gnolls
  A river rat (D:4)
  12 adders
  A shadow imp (D:7)
  3 oozes (Lair:5)
  An adder skeleton (D:7)
  2 worms (D:2)
  A leopard gecko (D:3)
  105 orcs
  4 bats
  9 giant cockroaches
  10 goblins
  2 hobgoblins (D:2)
  18 jackals
  6 quokkas
  5 ball pythons
  5 frilled lizards
  11 kobolds
  A leopard gecko skeleton (D:8)
  7 rats
  3 tentacles (Shoals:3)
938 creatures vanquished.

Vanquished Creatures (collateral kills)
  Kirke (D:12)
  A fire giant (D:15)
  Josephine (D:15)
  A merfolk avatar (Shoals:2)
  A catoblepas (D:13)
  An orc knight (Orc:2)
  A harpy (Shoals:3)
  A wolf spider (Spider:2)
  A faun (Shoals:2)
  A cyclops (D:13)
  An elephant (Lair:4)
  A black mamba (Lair:3)
  3 spiny frogs
  A spiny frog (shapeshifter) (D:14)
  2 centaur skeletons
  2 demonic crawlers
  A hellwing (Lair:6)
  An ice devil (Lair:6)
  3 merfolk
  A polar bear (Lair:5)
  A troll (D:14)
  2 hippogriffs (D:12)
  A dream sheep (Shoals:1)
  A slime creature (D:14)
  7 redbacks
  4 yaks
  2 water elementals (Shoals:1)
  2 tarantellas (Spider:3)
  A steam dragon (Lair:3)
  A warg (Orc:1)
  A soldier ant (D:13)
  6 orc warriors
  2 water moccasins
  A porcupine (Lair:5)
  A hornet zombie (D:13)
  3 sky beasts
  An ice beast (D:10)
  4 ogres
  3 wolves
  3 centaurs
  A crocodile (Lair:6)
  4 bullfrogs
  2 howler monkeys
  3 centaur zombies
  3 hounds
  3 orc priests
  An orc wizard (D:14)
  A bullfrog skeleton (D:4)
  Natasha (D:4)
  4 worker ants
  A killer bee zombie (D:8)
  A gnoll (D:7)
  2 adders
  An adder zombie (D:8)
  9 orcs
  A giant cockroach (D:5)
  2 jackals (D:9)
  A kobold (D:7)
114 creatures vanquished.

Vanquished Creatures (others)
  2 humans (D:12)
  A hell hound (D:13)
  A crocodile (Lair:3)
  A jelly (D:12)
  43 hexers
  2 ancestors
  An orc (Orc:2)
  7 fungi
  7 plants
  4 tentacles (Shoals:3)
69 creatures vanquished.

Grand Total: 1121 creatures vanquished

Notes
Turn   | Place    | Note
-------+----------+-------------------------------------------
     0 | D:1      | growler the Draconian Ice Elementalist began the quest for
                  | the Orb.
     0 | D:1      | Reached XP level 1. HP: 14/14 MP: 3/3
   287 | D:1      | Reached XP level 2. HP: 20/20 MP: 3/5
  1127 | D:1      | Reached skill level 5 in Ice Magic
  1241 | D:2      | Reached XP level 3. HP: 26/26 MP: 1/6
  1326 | D:2      | Learned a level 3 spell: Frozen Ramparts
  1495 | D:2      | Found an iron altar of Okawaru.
  1563 | D:2      | Reached XP level 4. HP: 26/33 MP: 0/7
  1568 | D:2      | Learned a level 3 spell: Ozocubu's Armour
  2496 | D:3      | Found a large runed translucent door.
  2497 | D:3      | Found a large runed translucent door.
  2497 | D:3      | Noticed johnstein's ghost (amateur DsAK)
  2679 | D:3      | Reached XP level 5. HP: 37/38 MP: 2/8
  2843 | D:3      | You fall into a shaft and drop 3 floors!
  2861 | D:6      | Found a staircase to the Ecumenical Temple.
  2871 | Temple   | Entered the Ecumenical Temple
  2929 | Temple   | Became a worshipper of Hepliaklqana the Forgotten
  3224 | D:5      | Entered Level 5 of the Dungeon
  3232 | D:5      | Reached XP level 6. HP: 37/40 MP: 9/9
  3264 | D:5      | Learned a level 4 spell: Summon Ice Beast
  3623 | D:4      | Reached * piety under Hepliaklqana
  3634 | D:4      | Got a glimmering hunting sling
  3652 | D:4      | Your scales start taking on a glossy black colour.
  3652 | D:4      | Reached XP level 7. HP: 38/45 MP: 5/12
  3652 | D:4      | Gained mutation: You are resistant to electric shocks.
                  | (rElec) [Black Draconian growth]
  3895 | D:4      | Noticed Natasha
  3906 | D:4      | Killed Natasha
  3910 | D:4      | Noticed Natasha
  3913 | D:4      | Killed Natasha
  3920 | D:4      | Noticed Natasha
  3925 | D:4      | Killed Natasha
  4024 | D:4      | Found an opulent altar of Gozag.
  4166 | D:4      | You fall into a shaft and drop 2 floors!
  4674 | D:6      | Reached skill level 5 in Spellcasting
  4694 | D:6      | Identified the cursed +1 hunting sling of Infinity {flame,
                  | rN+ Str+2 Dex+4 SInv} (You found it on level 4 of the
                  | Dungeon)
  5359 | D:4      | Reached XP level 8. HP: 50/51 MP: 13/15
  5711 | D:4      | Found a runed translucent door.
  5712 | D:4      | Noticed Crazy Yiuf
  5750 | D:4      | Found a sparkling altar of Nemelex Xobeh.
  5846 | D:4      | Killed Crazy Yiuf
  5939 | D:5      | Reached ** piety under Hepliaklqana
  5940 | D:5      | Remembered your ancestor Chakide as a hexer
  5941 | D:5      | Found a runed translucent gate.
  5956 | D:5      | Found a radiant altar of Vehumet.
  5956 | D:5      | Found an ornate altar of the Wu Jian Council.
  5966 | D:5      | Found a white marble altar of Elyvilon.
  5983 | D:5      | Found a burning altar of Makhleb.
  6047 | D:5      | Found a shimmering blue altar of Sif Muna.
  6052 | D:5      | Found a shimmering altar of Xom.
  6104 | D:5      | Found Nucuuzy's Gadget Boutique.
  6214 | D:5      | Found a runed translucent gate.
  6214 | D:5      | Found a runed translucent gate.
  6215 | D:5      | Found an opulent altar of Gozag.
  6218 | D:5      | Noticed reptisaurus's ghost (novice DsSk)
  6355 | D:5      | Found a bloodstained altar of Trog.
  6550 | D:6      | Found a glowing golden altar of the Shining One.
  6556 | D:6      | Reached skill level 10 in Ice Magic
  6584 | D:6      | Found a basalt altar of Yredelemnul.
  6586 | D:6      | Noticed a profane servitor
  6768 | D:7      | Reached skill level 1 in Fighting
  7044 | D:7      | Got a crystal whip
  7047 | D:7      | Noticed a hippogriff
  7064 | D:7      | Killed a hippogriff
  7074 | D:7      | Reached XP level 9. HP: 55/63 MP: 12/16
  7389 | D:7      | Found a stormy altar of Qazlal.
  7522 | D:7      | Reached skill level 5 in Fighting
  7609 | D:7      | Reached skill level 5 in Dodging
  8010 | D:7      | Found a stormy altar of Qazlal.
  8356 | D:8      | Reached *** piety under Hepliaklqana
  8829 | D:8      | Found a sacrificial altar of Ru.
  8955 | D:8      | Reached XP level 10. HP: 77/77 MP: 17/17
 10149 | D:9      | Found Fylumur's Antique Weapon Shop.
 10742 | D:10     | Entered Level 10 of the Dungeon
 11177 | D:10     | Reached **** piety under Hepliaklqana
 11188 | D:10     | Found a runed translucent door.
 11188 | D:10     | Noticed Inchmeat's ghost (novice HOGl)
 11581 | D:10     | Found a staircase to the Lair.
 11581 | D:10     | Found a staircase to the Orcish Mines.
 11914 | D:11     | Noticed a gargoyle
 11920 | D:11     | Killed a gargoyle
 11920 | D:11     | Reached skill level 10 in Fighting
 11957 | D:11     | Noticed an unseen horror
 11962 | D:11     | Killed an unseen horror
 11962 | D:11     | Reached XP level 11. HP: 86/90 MP: 11/18
 12652 | D:11     | Got a masterwork rapier
 12726 | D:11     | Noticed an unseen horror
 12730 | D:11     | Killed an unseen horror
 12813 | D:11     | Noticed a centaur warrior
 13035 | D:11     | Identified the +4 whip of Veraz {flame, rPois Int+3 Stlth+}
                  | (You found it on level 7 of the Dungeon)
 13036 | D:11     | Identified the +9 rapier of Crusades {venom, *Slow +Blink
                  | Int+2} (You found it on level 11 of the Dungeon)
 13091 | Lair:1   | Entered Level 1 of the Lair of Beasts
 13091 | Lair:1   | Noticed Grum
 13095 | Lair:1   | Killed Grum
 13223 | Lair:1   | Noticed Harold
 13274 | Lair:1   | Reached skill level 10 in Dodging
 13282 | Lair:1   | Killed Harold
 13323 | Lair:1   | Noticed Gastronok
 13341 | Lair:1   | Killed Gastronok
 13907 | Lair:1   | Reached ***** piety under Hepliaklqana
 14512 | Lair:2   | Reached XP level 12. HP: 74/101 MP: 12/19
 14732 | Lair:2   | Learned a level 4 spell: Airstrike
 14746 | Lair:2   | Reached skill level 1 in Air Magic
 15134 | Lair:2   | Found a staircase to the Shoals.
 15852 | Lair:3   | Noticed Urug
 15876 | Lair:3   | Killed Urug
 16087 | Lair:3   | Reached skill level 5 in Air Magic
 16529 | Lair:3   | Learned a level 3 spell: Mephitic Cloud
 16687 | Lair:3   | Noticed Nergalle
 16707 | Lair:3   | Killed Nergalle
 17622 | Lair:4   | Found a hole to the Spider Nest.
 17681 | Lair:4   | Reached skill level 1 in Conjurations
 18002 | Lair:4   | Reached XP level 13. HP: 95/109 MP: 17/20
 18301 | Lair:4   | Reached skill level 10 in Air Magic
 18609 | Lair:4   | Reached skill level 5 in Conjurations
 19194 | Lair:4   | Reached ****** piety under Hepliaklqana
 21082 | Lair:5   | Found a staircase to the Slime Pits.
 21829 | Lair:6   | Entered Level 6 of the Lair of Beasts
 21835 | Lair:6   | Reached skill level 1 in Invocations
 22081 | Lair:6   | Got a shimmering hunting sling
 22102 | Lair:6   | Identified the cursed +2 hunting sling of Earthquakes
                  | {venom, *Slow rPois rF- rC++ Str+3} (You found it on level
                  | 6 of the Lair of Beasts)
 22352 | Lair:6   | Gained mutation: Your large and strong wings let you fly
                  | indefinitely. [Black Draconian growth]
 22352 | Lair:6   | Reached XP level 14. HP: 111/116 MP: 19/22
 22586 | Lair:6   | Reached skill level 1 in Evocations
 23465 | Lair:6   | Reached skill level 5 in Invocations
 23510 | Lair:6   | Found a burning altar of Makhleb.
 24375 | Lair:6   | Found a gateway to Hell.
 24850 | Orc:1    | Entered Level 1 of the Orcish Mines
 25606 | Orc:1    | You are sucked into a shaft and drop 1 floor!
 25606 | Orc:2    | Entered Level 2 of the Orcish Mines
 25815 | Orc:2    | Found Asifapreza's Antique Armour Emporium.
 26147 | Orc:1    | Found a roughly hewn altar of Beogh.
 26200 | Orc:1    | Reached skill level 5 in Evocations
 27589 | Orc:2    | Found a staircase to the Elven Halls.
 29470 | Orc:2    | Found Redetao's Jewellery Shoppe.
 29470 | Orc:2    | Found Dumnuir's Magic Scroll Shoppe.
 29471 | Orc:2    | Found Adadoreo's Weapon Shoppe.
 29471 | Orc:2    | Found Wokam Zop's Antique Armour Emporium.
 29552 | Orc:2    | Bought a fine buckler for 237 gold pieces
 29557 | Orc:2    | Identified the cursed +0 buckler of Fiupoyso {-Tele rN+++
                  | rCorr Stlth+} (You bought it in a shop on level 2 of the
                  | Orcish Mines)
 30234 | D:12     | Noticed Maurice
 30246 | D:12     | Killed Maurice
 30290 | D:12     | Reached skill level 1 in Polearms
 30445 | D:12     | Noticed Kirke
 30453 | D:12     | Reached skill level 2 in Polearms
 30456 | D:12     | Killed Kirke
 30456 | D:12     | Reached skill level 3 in Polearms
 30576 | D:12     | Found a glowing golden altar of the Shining One.
 30576 | D:12     | Found Diamni's Hallowed Reliquary.
 30576 | D:12     | Noticed an angel
 30701 | D:11     | Reached skill level 4 in Polearms
 31014 | D:12     | Reached XP level 15. HP: 99/121 MP: 14/24
 31142 | D:12     | Reached skill level 5 in Polearms
 32253 | D:13     | Reached skill level 6 in Polearms
 32322 | D:13     | Found a shimmering altar of Xom.
 32610 | D:13     | Noticed Azrael
 32620 | D:13     | Killed Azrael
 32868 | D:13     | Reached skill level 7 in Polearms
 33599 | D:14     | Found an opulent altar of Gozag.
 33668 | D:14     | Reached skill level 8 in Polearms
 33964 | D:14     | Reached skill level 9 in Polearms
 34472 | D:14     | Noticed Jorgrun
 34482 | D:14     | Killed Jorgrun
 34797 | D:14     | Reached skill level 10 in Polearms
 35866 | D:14     | Reached skill level 11 in Polearms
 36397 | D:14     | Found a gate to the Vaults.
 36741 | D:15     | Entered Level 15 of the Dungeon
 36857 | D:15     | Noticed Josephine
 36877 | D:15     | Killed Josephine
 37030 | D:15     | Found a staircase to the Depths.
 37034 | D:15     | Noticed a fire giant
 37042 | D:15     | Killed a fire giant
 37059 | D:15     | Noticed Rupert
 37194 | D:15     | Reached skill level 12 in Polearms
 37901 | D:15     | Got a polished short sword
 38124 | D:15     | Killed Rupert
 38290 | D:15     | Reached XP level 16. HP: 128/128 MP: 14/25
 38608 | D:15     | Learned a level 2 spell: Blink
 38851 | Spider:1 | Entered Level 1 of the Spider Nest
 39474 | Spider:1 | Reached skill level 13 in Polearms
 41685 | Spider:2 | Reached skill level 14 in Polearms
 42017 | Spider:2 | Learned a level 6 spell: Freezing Cloud
 42106 | Spider:2 | Got a jewelled hunting sling
 42310 | Spider:2 | Noticed Arachne
 42328 | Spider:2 | Killed Arachne
 46672 | Spider:3 | Reached skill level 15 in Polearms
 47091 | Shoals:1 | Entered Level 1 of the Shoals
 47098 | Shoals:1 | Reached skill level 10 in Conjurations
 47327 | D:9      | Bought the +12 glaive of Prune {vorpal} for 2837 gold
                  | pieces
 47327 | D:9      | Found the +12 glaive of Prune {vorpal}
 47442 | Shoals:1 | Noticed Aizul
 47455 | Shoals:1 | Killed Aizul
 47455 | Shoals:1 | Reached XP level 17. HP: 25/134 MP: 1/27
 51266 | Shoals:2 | Found a white marble altar of Elyvilon.
 51829 | Shoals:3 | HP: 2/134 [wind drake/the air (25)]
 53217 | Shoals:3 | Reached skill level 16 in Polearms
 54556 | Shoals:3 | Got a pair of smoking boots
 54890 | Shoals:3 | Noticed a kraken
 54909 | Shoals:3 | Killed a kraken
 55530 | Shoals:3 | Noticed a kraken
 55538 | Shoals:3 | Mangled by a kraken

Illustrated notes

Levels and vault maps discovered:
D:1:      psy_arrival_dodecagon, layout_loops_corners, minivault_11
D:2:      layout_loops_ring, okawaru_metal_pillars_1_2
D:3:      layout_loops_ring, ebering_ghost_disaster_area, first_ration,
          kennysheep_minor_cross
D:4:      layout_cave_pools, nicolae_gozag_seed_capital, portal_sewer_entry_e,
          nemelex_diamond_rough_becter, uniq_crazy_yiuf_cottage, uniq_natasha
D:5:      layout_cave_pools, nicolae_overflow_hidden_temple, kennysheep_mini,
          old_standard_altar, ebering_ghost_gozag, serial_shops,
          nicolae_shop_window_shopping
D:6:      layout_gridville, grunt_temple_overflow_holy_war,
          minmay_temple_entry_statues_pillars, palyth_stone_intersect,
          minmay_liquid_box
D:7:      layout_gridville, kennysheep_mini_moat, grunt_livestock,
          kennysheep_flooded_box
D:8:      layout_layer_cave, nicolae_ru_sacrificial_ziggurat
D:9:      layout_roguey, serial_shops, shop_fountains, special_room
          [special_room_orc]
D:10:     layout_irregular_city, lair_entry_dummy, orc_0_dummy,
          hellmonk_ghost_happy_afterlife, minmay_misc_feat_chi
D:11:     layout_loops_ring, lightli_corner_chamber
D:12:     layout_loops_ring, nicolae_good_shop, uniq_kirke, uniq_maurice
D:13:     layout_gridville, serial_glass, glass_columns_b, glass_columns_b,
          due_unseen_surprise, basic_altar, kennysheep_generic_room_11,
          uniq_azrael
D:14:     minmay_big_diamond_grid, layout_long_grid, david_vaults_1,
          basic_altar, minmay_misc_feat_alley, drop_trap, kennysheep_potato,
          uniq_jorgrun
D:15:     grunt_enter_depths_giant_problem, layout_loops_ring,
          nicolae_two_hexagons, uniq_rupert, uniq_josephine
Temple:   eino_temple_lava
Lair:1:   layout_chaotic_city, grunt_megastairs_1, uniq_harold, uniq_grum,
          uniq_gastronok
Lair:2:   layout_cave_pods, minmay_shoals_entry_centaurs
Lair:3:   layout_hall_layers, portal_ice_cave_entry_pillars_1,
          minmay_lair_oklob_chamber, serial_bayou_shore_b, uniq_nergalle,
          uniq_urug
Lair:4:   layout_misc_corridors, spider_nest_entry_a,
          hangedman_lair_generics_rect
Lair:5:   layout_loops_ring, nicolae_slime_entry_slimehenge,
          chequers_serial_rivers_room_a, chequers_serial_rivers_large_a,
          grunt_megastairs_4
Lair:6:   evil_forest, layout_loops_ring
Shoals:1: layout_shoals, uniq_aizul
Shoals:2: layout_shoals, lemuel_altar_in_water
Shoals:3: layout_shoals
Spider:1: layout_chambers, nicolae_spider_webbed_stairs
Spider:2: layout_spider_delve, nicolae_orb_island, uniq_arachne
Spider:3: lemuel_spider_zombies
Orc:1:    layout_diamond_mine, mines1_david
Orc:2:    st_orc_pillars, layout_caves, serial_shops, shop

Skill      XL: |  1  2  3  4  5  6  7  8  9 10 11 12 13 14 15 16 17 |
---------------+----------------------------------------------------+-----
Ice Magic      | 5 6 7 8 10 | 10.0
Spellcasting   | 3 5 6 7 |  7.0
Dodging        | 3 6 9 11 12 | 12.0
Fighting       | 4 7 10 12 13 | 13.0
Air Magic      | 9 12 14 | 14.4
Conjurations   | 3 8 10 | 10.0
Invocations    | 3 9 |  9.0
Evocations     | 7 |  7.0
Polearms       | 4 12 15 16 | 16.3
Stealth        | |  1.7

Action                   |  1- 3 |  4- 6 |  7- 9 | 10-12 | 13-15 | 16-18 || total
-------------------------+-------+-------+-------+-------+-------+-------++-------
Melee: Unarmed           |    13 |    31 |    13 |       |       |       ||    57
       Tailslap          |       |     5 |     1 |    22 |    79 |    26 ||   133
       Rapier            |       |       |       |   131 |   337 |       ||   468
       Staff             |       |       |       |     4 |    23 |    26 ||    53
       Glaive            |       |       |       |       |   325 |   283 ||   608
 Fire: Hunting sling     |       |       |   131 |   160 |       |       ||   291
 Cast: Freeze            |    53 |    44 |    64 |    80 |     7 |     3 ||   251
       Frozen Ramparts   |       |     6 |    30 |    77 |   124 |    47 ||   284
       Ozocubu's Armour  |       |       |     1 |     2 |     3 |       ||     6
       Mephitic Cloud    |       |       |       |     1 |     5 |       ||     6
       Airstrike         |       |       |       |       |   248 |   449 ||   697
       Summon Ice Beast  |       |       |       |       |     4 |       ||     4
       Freezing Cloud    |       |       |       |       |       |     4 ||     4
Invok: Recall Ancestor   |       |       |     1 |       |     4 |       ||     5
       Ancestor Life: He |       |       |     1 |       |       |       ||     1
       Transference      |       |       |       |       |     1 |       ||     1
       Idealise          |       |       |       |       |     1 |       ||     1
 Abil: Evoke Blink       |       |       |       |       |     2 |       ||     2
       Fly               |       |       |       |       |     1 |     1 ||     2
       Stop Flying       |       |       |       |       |       |     1 ||     1
Evoke: Wand              |       |       |       |     3 |    10 |     5 ||    18
  Use: Scroll            |       |       |    11 |     2 |    12 |     8 ||    33
       Potion            |       |       |       |       |     3 |     6 ||     9
 Stab: Confused          |       |       |       |     1 |     6 |     4 ||    11
       Distracted        |       |       |       |       |     8 |     4 ||    12
       Sleeping          |       |       |       |       |     3 |       ||     3
       Paralysed         |       |       |       |       |    31 |    11 ||    42
  Eat: Chunk             |     3 |     7 |    21 |    24 |    67 |    47 ||   169
       Ration            |       |       |       |     2 |     7 |    14 ||    23
Armor: Skin              |    18 |    13 |    32 |    98 |   192 |   170 ||   523
Dodge: Dodged            |    41 |    34 |   103 |   312 |   590 |   378 ||  1458
Block: Other             |       |       |    15 |    82 |   181 |   103 ||   381
       Reflection        |       |       |     3 |     5 |    12 |    15 ||    35
